 Dungeon Crawl Stone Soup version 0.19-a0-376-gf780d9b (webtiles) character file.

3 ololoev the Firebug (level 1, -3/10 HPs)
             Began as a Deep Elf Fire Elementalist on May 30, 2016.
             Slain by Crazy Yiuf
             ... wielding a +3 quarterstaff of chaos
              (9 damage)
             ... on level 2 of the Dungeon.
             The game lasted 00:01:25 (154 turns).

ololoev the Firebug (Deep Elf Fire Elementalist)     Turns: 154, Time: 00:01:25

Health: -3/10      AC:  2    Str:  5    XL:     1   Next: 41%
Magic:  0/6        EV: 13    Int: 19    God:
Gold:   7          SH:  0    Dex: 15    Spells: 1 memorised, 5 levels left

rFire  . . .     SeeInvis .     (no weapon)
rCold  . . .     Gourm    .     a - +0 robe
rNeg   . . .     Faith    .     (no shield)
rPois  .         Spirit   .     (no helmet)
rElec  .         Dismiss  .     (no cloak)
rCorr  .         Reflect  .     (no gloves)
SustAt .         Harm     .     (no boots)
MR     .....                    (no amulet)
Stlth  +.........               (no ring)
                                f - ring of loudness (curse)

@: not resistant to hostile enchantments, very unstealthy
A: no striking features
a: no special abilities

Inventory:

Hand Weapons
 h - a +1 mace of draining
Armour
 a - a +0 robe (worn)
Jewellery
 f - a cursed ring of loudness (left hand)
Scrolls
 g - a scroll of enchant weapon {unknown}
Potions
 d - a potion of heal wounds {unknown}
 e - a potion of flight {unknown}
Books
 b - a book of Flames

   Spells                             Type                      Level
   a - Flame Tongue                   Conjuration/Fire             1
   b - Throw Flame                    Conjuration/Fire             2
   c - Conjure Flame                  Conjuration/Fire             3
   d - Inner Flame                    Hexes/Fire                   3
   e - Sticky Flame                   Conjuration/Fire             4
   f - Fireball                       Conjuration/Fire             5
Comestibles
 c - a bread ration


   Skills:
 - Level 2.4 Dodging
 - Level 2.4 Stealth
 + Level 3.2 Spellcasting
 * Level 1.1 Conjurations
 + Level 3.4 Fire Magic


You had 5 spell levels left.
You knew the following spells:

 Your Spells              Type           Power        Failure   Level  Hunger
a - Flame Tongue          Conj/Fire      ##...        8%          1    None


You were on level 2 of the Dungeon.
You were not hungry.

You visited 1 branch of the dungeon, and saw 2 of its levels.

You collected 7 gold pieces.

####### ####.).).)
#)))).).).
####)).....#####
########...P...)..#..)#
......<....P).).......#
########...PP....g#
##..P....@.#####
###...)....).)..
#.).))..##)))#
######### ###

Notes
Turn   | Place    | Note
--------------------------------------------------------------
     0 | D:1      | ololoev the Deep Elf Fire Elementalist began the quest for the Orb.
     0 | D:1      | Reached XP level 1. HP: 10/10 MP: 6/6
   147 | D:2      | Noticed Crazy Yiuf
   154 | D:2      | Slain by Crazy Yiuf

Dungeon Overview and Level Annotations

Branches:
Dungeon (2/15)

Altars:

Annotations:
D:2 Crazy Yiuf


Message History

A bat comes into view.
Casting: Flame Tongue
Confirm with . or Enter, or press ? or * to list all spells.
Aiming: Flame Tongue
Press: ? - help, Shift-Dir - straight line, f - bat
Aim: a bat The flame tongue hits the bat.
You kill the bat!
g - a scroll labeled MOCOSI NANY
There is a stone staircase leading down here.
You climb downwards.
Found five maces.
There is a stone staircase leading up here.
Found five maces.
Found three maces and a glowing mace.
Found three maces.
Found a mace.
Found a mace.
Found two maces.
Found a mace.
Found three maces.
You see here a mace.
Found a mace.
You see here a glowing mace.
h - a glowing mace You see here a mace.
Crazy Yiuf the Enlightened comes into view.
He is wielding a quarterstaff of chaos.
Crazy Yiuf shouts!
Unknown command.
Casting: Flame Tongue
Confirm with . or Enter, or press ? or * to list all spells.
Aiming: Flame Tongue
Press: ? - help, Shift-Dir - straight line, f - Crazy Yiuf
Aim: Crazy Yiuf, wielding a quarterstaff of chaos and wearing a cloak The flame tongue hits Crazy Yiuf.
Crazy Yiuf is lightly wounded.
Casting: Flame Tongue
Confirm with . or Enter, or press ? or * to list all spells.
You can't see any susceptible monsters within range! (Use Z to cast anyway.)
You see here a mace.
Casting: Flame Tongue
Confirm with . or Enter, or press ? or * to list all spells.
Aiming: Flame Tongue
Press: ? - help, Shift-Dir - straight line, f/p - Crazy Yiuf
Aim: Crazy Yiuf, wielding a quarterstaff of chaos and wearing a cloak (lightly wounded)
The flame tongue hits Crazy Yiuf.
Crazy Yiuf appears unharmed.
Crazy Yiuf is lightly wounded.
Casting: Flame Tongue
Confirm with . or Enter, or press ? or * to list all spells.
Aiming: Flame Tongue
Press: ? - help, Shift-Dir - straight line, f/p - Crazy Yiuf
Aim: Crazy Yiuf, wielding a quarterstaff of chaos and wearing a cloak (lightly wounded)
The flame tongue misses Crazy Yiuf.
Crazy Yiuf hits you with a quarterstaff of chaos.
Crazy Yiuf freezes you.
Casting: Flame Tongue
Confirm with . or Enter, or press ? or * to list all spells.
Aiming: Flame Tongue
Press: ? - help, Shift-Dir - straight line, f/p - Crazy Yiuf
Aim: Crazy Yiuf, wielding a quarterstaff of chaos and wearing a cloak (lightly wounded)
The flame tongue hits Crazy Yiuf.
Crazy Yiuf is moderately wounded.
Crazy Yiuf misses you.
Casting: Flame Tongue
Confirm with . or Enter, or press ? or * to list all spells.
Aiming: Flame Tongue
Press: ? - help, Shift-Dir - straight line, f/p - Crazy Yiuf
Aim: Crazy Yiuf, wielding a quarterstaff of chaos and wearing a cloak (moderately wounded)
The flame tongue hits Crazy Yiuf.
Crazy Yiuf is heavily wounded.
Casting: Flame Tongue
Confirm with . or Enter, or press ? or * to list all spells.
Aiming: Flame Tongue
Press: ? - help, Shift-Dir - straight line, f/p - Crazy Yiuf
Aim: Crazy Yiuf, wielding a quarterstaff of chaos and wearing a cloak (heavily wounded)
The flame tongue hits Crazy Yiuf.
Crazy Yiuf is almost dead.
Crazy Yiuf hits you with a quarterstaff of chaos!
Ouch! That really hurt!
You die...

You could see Crazy Yiuf.

Vanquished Creatures
  3 bats (D:1)
  A giant newt (D:1)
4 creatures vanquished.

Action                   || total
-------------------------++-------
 Cast: Flame Tongue      ||    10
Dodge: Dodged            ||     1

Vault maps used:
D:1:      sevenhm_arrival_forest_fort_small_3
D:2:      lemuel_crystal_altar, nicolae_overflow_crystal_walls, serial_bayou,
          serial_bayou_pond_d, serial_bayou_lagoon_a, serial_bayou_pond_d,
          serial_bayou_shore_b, lemuel_tele_altar, uniq_robin,
          uniq_crazy_yiuf_cottage
